 Dungeon Crawl Stone Soup version 0.25.0-9-g26727b657a (webtiles) character file.

Game seed: 15874600822907355849

49 grindst0ne the Charlatan (level 3, -2/32 HPs)
             Began as a Deep Dwarf Artificer on June 20, 2020.
             Killed themself with a badly aimed fireball (12 damage)
             ... on level 2 of the Dungeon.
             The game lasted 00:03:41 (788 turns).

grindst0ne the Charlatan (Deep Dwarf Artificer)      Turns: 788, Time: 00:03:41

Health: -2/32      AC:  3    Str: 16    XL:     3   Next: 53%
Magic:  6/6        EV: 13    Int: 11    God:
Gold:   22         SH:  0    Dex: 13    Spells: 2/2 levels left

rFire    . . .     SeeInvis .   a - +0 short sword
rCold    . . .     Gourm    .   (no shield)
rNeg     . . .     Faith    .   b - +0 leather armour
rPois    .         Spirit   .   (no helmet)
rElec    .         Reflect  .   (no cloak)
rCorr    +         Harm     .   (no gloves)
MR       .....                  (no boots)
Stlth    +.........             (no amulet)
HPRegen  0.00/turn              j - ring of resist corrosion
MPRegen  0.10/turn              (no ring)

@: non-regenerating
A: damage resistance, heal wounds, sense surroundings 1, no regeneration
a: Heal Wounds


You were on level 2 of the Dungeon.
You were not hungry.

You visited 1 branch of the dungeon, and saw 2 of its levels.

You collected 22 gold pieces.

Inventory:

Hand Weapons
 a - a +0 short sword (weapon)
Armour
 b - a +0 leather armour (worn)
Jewellery
 j - a ring of resist corrosion (left hand)
Wands
 c - a wand of flame (7)
 d - a wand of enslavement (15)
 e - a wand of random effects (5)
Scrolls
 i - a scroll of enchant armour {unknown}
 l - a scroll of blinking {unknown}
 m - 3 scrolls of identify {unknown}
Potions
 g - 2 potions of lignification {unknown}
 k - a potion of degeneration {unknown}
 n - a potion of haste {unknown}
 o - a potion of might {unknown}
Comestibles
 f - 3 rations
 h - 4 chunks of flesh


   Skills:
 + Level 1.9 Fighting
 - Level 0.8 Short Blades
 + Level 1.9 Armour
 + Level 3.1 Dodging
 - Level 1.2 Stealth
 - Level 4.0 Evocations


You had 2 spell levels left.
You didn't know any spells.
Your spell library was empty.

Dungeon Overview and Level Annotations

Branches:
Dungeon (2/15)

Altars:


Innate Abilities, Weirdness & Mutations

You are resistant to damage.
You can heal yourself by infusing magical energy.
You passively map a small area around you.
You do not regenerate.


Message History

Aiming: Random Effects
Press: ? - help, Shift-Dir - straight line, f/p - worm
Aim: a worm (moderately wounded, fast, slow)
The bolt of poison hits the worm!!
The worm is poisoned.
You kill the worm!
Your Dodging skill increases to level 3!
Unknown command.
An adder comes into view.
Found a smoky purple potion.
You see here a worm corpse.
You butcher the worm corpse.
You see here a chunk of flesh.
Evoke which item? (* to show all) (? for menu, Esc to quit)
Aiming: Random Effects
Press: ? - help, Shift-Dir - straight line, f - adder
Aim: an adder The fireball explodes!
The fireball engulfs the adder!
You kill the adder!
The fireball engulfs you!
You die...

, ..... , ,...#......##..# #
..#..########........<.#### ,
........####.......##......
.......#................##......
..................########......
...w...####..÷..÷.#####* #...###
....... #...#.......# ...
.......####†..#.#####... .. *
.......#.†..#.#@# , . , ,,.
.......#.####.#†# , *..
...b.....# #.#.# #.. #.......g#
*#..%#* * .... ..........#.....#
,* .... .............##.. ,,
.......#..#.. ##.. ,
#.....###...... ... , , ,
.....#* #....$. ...!


There were no monsters in sight!

Vanquished Creatures
  An adder (D:2)
  An ooze (D:2)
  3 worms (D:2)
  A giant cockroach (D:1)
  4 goblins
  2 hobgoblins (D:1)
  A jackal (D:2)
  7 bats
  2 frilled lizards (D:1)
  3 kobolds (D:1)
  6 rats
31 creatures vanquished.

Notes
Turn   | Place    | Note
-------+----------+-------------------------------------------
     0 | D:1      | grindst0ne the Deep Dwarf Artificer began the quest for the
                  | Orb.
     0 | D:1      | Reached XP level 1. HP: 16/16 MP: 3/3
    27 | D:1      | Reached skill level 1 in Fighting
   149 | D:1      | Reached XP level 2. HP: 25/25 MP: 5/5
   157 | D:1      | Reached skill level 1 in Armour
   708 | D:2      | Reached XP level 3. HP: 24/31 MP: 6/6
   788 | D:2      | Killed themself with a badly aimed fireball

Illustrated notes

Levels and vault maps discovered:
D:1:      elethiomel_arrival_quiet, layout_basic
D:2:      layout_rooms, uniq_natasha

Skill      XL: |  1  2  3 |
---------------+----------+-----
Fighting       | 1 |  1.9
Armour         | 1 |  1.9
Dodging        | 3 |  3.1
Short Blades   | |  0.8
Stealth        | |  1.2
Evocations     | |  4.0

Action                   || total
-------------------------++-------
Melee: Short sword       ||   106
 Abil: Heal Wounds       ||     1
Evoke: Wand              ||    18
Armor: Leather armour    ||    45
Dodge: Dodged            ||   105
